 Dungeon Crawl Stone Soup version 0.22-a0-605-g9281fa2 (webtiles) character file.

4 Amnesiac the Magician (level 1, -1/11 HPs)
             Began as a Deep Elf Transmuter on July 8, 2018.
             Slain by a quokka (5 damage)
             ... on level 2 of the Dungeon.
             The game lasted 00:00:53 (435 turns).

Amnesiac the Magician (Deep Elf Transmuter)          Turns: 435, Time: 00:00:54

Health: -1/11      AC:  2    Str:  7    XL:     1   Next: 58%
Magic:  5/6        EV: 13    Int: 17    God:
Gold:   8          SH:  0    Dex: 15    Spells: 5/6 levels left

rFire    . . .     SeeInvis .   e - -3 hunting sling (curse)
rCold    . . .     Gourm    .   (no shield)
rNeg     . . .     Faith    .   b - +0 robe
rPois    .         Spirit   .   (no helmet)
rElec    .         Reflect  .   (no cloak)
rCorr    .         Harm     .   (no gloves)
MR       .....                  (boots currently unavailable)
Stlth    +.........             (no amulet)
HPRegen  0.03/turn              (no ring)
MPRegen  0.10/turn              (no ring)

@: appendage
A: talons 3
a: End Transformation


You were on level 2 of the Dungeon.
You were not hungry.
You had grown temporary talons.
You visited 1 branch of the dungeon, and saw 2 of its levels.

You collected 8 gold pieces.

Inventory:

Hand Weapons
 e - a cursed -3 hunting sling (weapon)
Missiles
 a - 12 arrows
Armour
 b - a +0 robe (worn)
 c - a +3 leather armour
Wands
 g - a wand of random effects (30)
Comestibles
 d - a ration
 f - a chunk of flesh


   Skills:
 - Level 0.7 Fighting
 - Level 2.4 Dodging
 - Level 2.4 Unarmed Combat
 - Level 3.0 Spellcasting
 + Level 2.7 Transmutations


You had 5 spell levels left.
You knew the following spells:

 Your Spells              Type           Power        Failure   Level  Hunger
a - Beastly Appendage     Tmut           ##....       5%          1    None

Your spell library contained the following spells:

 Spells                   Type           Power        Failure   Level  Hunger
 Spider Form              Tmut/Pois      #.........   30%         3    ###....
 Blade Hands              Tmut           ##........   83%         5    ######.
 Ice Form                 Ice/Tmut       #.......     69%         4    ####...
 Sticks to Snakes         Tmut           ##......     9%          2    ##.....


Dungeon Overview and Level Annotations

Branches:
Dungeon (2/15)

Altars:


Innate Abilities, Weirdness & Mutations

You have claws for feet.


Message History

e - a glowing hunting sling Your transformation is almost over.
A rat comes into view.
You see here a wand of random effects (30).
g - a wand of random effects (30)
Casting: Beastly Appendage (safe; 6% risk of failure)
Confirm with . or Enter, or press ? or * to list all spells.
You extend your transformation's duration.
Firing (i - inventory) No suitable missiles.
Press: ? - help, Shift-Dir - straight line
Okay, then.
The rat closely misses you.
You closely miss the rat. The rat barely misses you.
You hit the rat but do no damage. The rat misses you.
You hit the rat but do no damage. The rat bites you.
You hit the rat.
You kill the rat!
Your transformation is almost over.
You start resting.
Magic restored.
You start resting.
Your horns disappear.
You start resting.
HP restored.
Wield which item (- for none, * to show all)? (? for menu, Esc to quit)
It sticks to your hand!
e - a cursed -3 hunting sling (weapon)
You aren't carrying any scrolls.
You now have 8 gold pieces.
A quokka comes into view.
A quokka is nearby!
A quokka is nearby!
Unknown command.
The quokka closely misses you. The quokka bites you.
You aren't carrying any potions.
You aren't carrying any scrolls.
Casting: Beastly Appendage (safe; 5% risk of failure)
Confirm with . or Enter, or press ? or * to list all spells.
You don't know that spell.
Casting: Beastly Appendage (safe; 5% risk of failure)
Confirm with . or Enter, or press ? or * to list all spells.
Your feet morph into talons.
The quokka barely misses you.
Firing (i - inventory) No suitable missiles.
Press: ? - help, Shift-Dir - straight line, f - quokka
Aim: a quokka
Okay, then.
Really attack while wielding your cursed -3 hunting sling? [Y]es or [N]o only, please.
Really attack while wielding your cursed -3 hunting sling? [Y]es or [N]o only, please.
Really attack while wielding your cursed -3 hunting sling? [Y]es or [N]o only, please.
Really attack while wielding your cursed -3 hunting sling? [Y]es or [N]o only, please.
Really attack while wielding your cursed -3 hunting sling?
You clumsily bash the quokka but do no damage.
The quokka completely misses you. x2
You clumsily bash the quokka but do no damage.
The quokka barely misses you.
You barely miss the quokka. The quokka barely misses you. The quokka bites you.
* * * LOW HITPOINT WARNING * * *
You clumsily bash the quokka but do no damage.
You claw the quokka, but do no damage. The quokka bites you.
You die...

###########
#########..r@.....#######
..........######........###
.#######..######..##......#
#####..##...#..##.##.#.#
#.................##.#.#
#.###..##........###.#.# #.
#................#.# #.
#.########.#######.# .r ..#
#.# #.#


You could see a quokka.

Vanquished Creatures
  A dart slug (D:2)
  A frilled lizard (D:2)
  A kobold (D:2)
  A rat (D:2)
4 creatures vanquished.

Notes
Turn   | Place    | Note
-------+----------+-------------------------------------------
     0 | D:1      | Amnesiac the Deep Elf Transmuter began the quest for the Orb.
     0 | D:1      | Reached XP level 1. HP: 11/11 MP: 6/6
   435 | D:2      | Slain by a quokka

Vault maps used:
D:1:      dpeg_arrival_snail
D:2:      first_ration, uniq_terence

Action                   || total
-------------------------++-------
Melee: Unarmed           ||    13
       Hunting sling     ||     4
       Headbutt          ||     2
       Kick              ||     1
 Cast: Beastly Appendage ||     5
Dodge: Dodged            ||    17

Table legend:
 A = Spawn XP
 B = Non-spawn XP
 C = Spawn XP percentage of total XP
 D = Spawn monster count
 E = Non-spawn monster count
 F = Spawn count percentage of total count
 G = Total turns spent on level
                    A         B        C        D         E        F      G
               +---------+---------+-------+---------+---------+-------+---------
         Total |       0 |       7 |   0.0 |       0 |       4 |   0.0 |   435
               +---------+---------+-------+---------+---------+-------+---------
           D:2 |       0 |       7 |   0.0 |       0 |       4 |   0.0 |   366
               +---------+---------+-------+---------+---------+-------+---------
